 Dungeon Crawl Stone Soup version 0.30.0-29-ga12c61a403 (webtiles) character file.

Game seed: 10859067621969979833

4704 olmar the Grappler (level 10, -4/81 HPs)
             Began as a Ghoul Monk on June 12, 2023.
             Was an Initiate of Gozag.
             Slain by a death yak (14 damage)
             ... on level 8 of the Dungeon.
             The game lasted 00:13:45 (9119 turns).

olmar the Grappler (Ghoul Monk)                     Turns: 9119, Time: 00:13:46

Health: -4/81      AC: 15    Str: 20    XL:     10   Next: 45%
Magic:  9/9        EV: 10    Int:  5    God:    Gozag
Gold:   541        SH:  0    Dex: 17    Spells: 9/9 levels left

rFire   . .          .
                       - Unarmed
rCold   + . .        (no shield)
rNeg    + + +        x - +0 chain mail
rPois   ∞            u - +0 helmet
rElec   .            m - +1 cloak
rCorr   .            (no gloves)
SInv    .            k - +0 pair of boots
Will    .....        (no amulet) Stlth
                     w - +6 ring of dexterity
HPRegen 0.00/turn    (no ring)
MPRegen 0.11/turn

%: no passive effects
@: inhibited regen
A: claws 1, cold resistance 1, negative energy resistance 3, inhibited
regeneration, torment resistance 2, devour on kill
a: Renounce Religion, Potion Petition, Call Merchant, Bribe Branch


You were on level 8 of the Dungeon.
You worshipped Gozag.
Gozag was pleased with you.
You visited 2 branches of the dungeon, and saw 10 of its levels.
You also visited: Sewer.

You collected 831 gold pieces.
You paid 290 gold pieces to Gozag.

Inventory:

Missiles
 n - a poisoned dart
 p - 5 boomerangs
 F - 5 javelins
Armour
 c - an orb of light
 k - a +0 pair of boots (worn)
 m - a +1 cloak (worn)
 u - a +0 helmet (worn)
 x - a +0 chain mail (worn)
Jewellery
 g - a ring of ice
 w - a +6 ring of dexterity (left claw)
Wands
 d - a wand of light (6) (quivered)
 j - a wand of polymorph (15)
 y - a wand of flame (16)
 E - a wand of paralysis (14)
 I - a wand of roots (16)
Scrolls
 b - a scroll of vulnerability
 e - 3 scrolls of teleportation
 l - a scroll of fear
 t - a scroll of fog
 B - a scroll of immolation
 G - a scroll of enchant weapon
Potions
 f - a potion of degeneration
 h - 3 potions of flight
 i - a potion of lignification {unknown}
 o - a potion of might {unknown}
 q - 2 potions of cancellation
 z - 3 potions of brilliance


   Skills:
 + Level 5.4 Fighting
 + Level 7.2 Armour
 - Level 3.7 Dodging
 - Level 1.0 Stealth
 + Level 13.1 Unarmed Combat
 - Level 0.3 Evocations


You had 9 spell levels left.
You didn't know any spells.
Your spell library contained the following spells:

 Spells                   Type           Power      Damage    Failure   Level
 Shock                    Conj/Air       0%         1d3       98%         1
 Static Discharge         Conj/Air       0%         2-2/arc   99%         2
 Dazzling Flash           Conj/Hex       0%         N/A       100%        3
 Fulminant Prism          Conj/Hex       0%         3d5       100%        4
 Agony                    Necr           0%         N/A       100%        5
 Silence                  Hex/Air        0%         N/A       100%        5
 Lehudib's Crystal Spear  Conj/Erth      0%         10d2      100%        8


Dungeon Overview and Level Annotations

Branches:
Dungeon (9/15)             Temple (1/1) D:6            Lair (0/5) D:8
  Sewer (visited)
    Orc: D:9-12

Altars:
Cheibriados
Dithmenos
Gozag
Hepliaklqana
Qazlal
Ru
Uskayaw
Vehumet
Wu Jian
Xom
Yredelemnul


Innate Abilities, Weirdness & Mutations

You are immune to poison.
You have sharp fingernails.
Your flesh is cold resistant. (rC+)
You are immune to negative energy. (rN+++)
You do not regenerate when monsters are visible.
You are immune to unholy pain and torment.
You thrive by killing the living.


Message History

The boomerang barely misses the death yak.
Unknown command.
Throw: 5 boomerangs
Press: ? - help, Q - select action, (/) - cycle Shift-Dir - straight line, f/p - death yak
Aim: a death yak (heavily wounded, very poisoned, 79% to hit)
You throw a boomerang.
The boomerang hits the death yak but does no damage.
The death yak is heavily wounded.
Your extra speed is starting to run out.
Throw: 5 boomerangs
Press: ? - help, Q - select action, (/) - cycle Shift-Dir - straight line, f/p - death yak
Aim: a death yak (heavily wounded, very poisoned, 79% to hit)
You throw a boomerang. The boomerang hits the death yak.
The death yak is severely wounded.
Unknown command.
Throw: 5 boomerangs
Press: ? - help, Q - select action, (/) - cycle Shift-Dir - straight line, f/p - death yak
Aim: a death yak (severely wounded, poisoned, 79% to hit)
Okay, then.
You feel yourself slow down.
Throw: 2 darts (poison)
Press: ? - help, Q - select action, (/) - cycle Shift-Dir - straight line, f/p - death yak
Aim: a death yak (severely wounded, poisoned, 79% to hit)
You throw a poisoned dart. The poisoned dart hits the death yak.
The death yak looks even sicker.
The death yak is severely wounded.
The death yak looks more healthy.
Aiming: Bolt of Light
Press: ? - help, Q - select action, (/) - cycle Shift-Dir - straight line, f/p - death yak
Aim: a death yak (severely wounded, 90% to hit)
The bolt of light hits the death yak.
The death yak is severely wounded.
The death yak is blinded.
Unknown command.
You catch the helpless death yak completely off-guard!
You claw the death yak!
The death yak is almost dead.
The death yak gores you!
You die...
Your body crumbles into a pile of gold.

#####.######.# ############
......# #.# #..........###
####### #.### #.#......#...#
#...# #..........#.# #######
####.###..#....#..#.# #.....#
#......#..........#.# #.....#
#.##.#.#...#..#...#.# #.....#
#....#Y##........##.# #.....#
#.####@##...##...##.# #.....#
#......##........##.# ###.###
#.######...#..#.....# ###.# #.#
#..........#.# ....# #.#
##..#....#....# ##### #.#
#...........#)###
....#######.#####..#......#.....#
............#..>............###.#
.[.....######.####...###..#####.#


You could see a death yak (blind).

Vanquished Creatures
  A two-headed ogre (D:8)
  2 death yaks (D:8)
  A yak (D:8)
  2 wyverns
  A steam dragon (D:8)
  An acid dragon (D:8)
  A water moccasin (D:6)
  An orc warrior (D:8)
  3 ice beasts
  An ogre (D:4)
  A centaur (D:8)
  4 bullfrogs
  2 scorpions
  5 killer bees (D:7)
  4 howler monkeys
  A jelly (D:7)
  3 hounds
  2 orc priests
  A gnoll bouda (D:7)
  Crazy Yiuf (D:2)
  A sleepcap (D:6)
  Natasha (twice) (D:4)
  4 iguanas
  2 orc wizards
  2 hell rats
  Robin (D:4)
  6 adders
  13 gnolls
  7 river rats
  A shadow imp (D:6)
  3 white imps
  An ufetubus (D:7)
  4 worms
  4 dart slugs
  12 orcs
  4 endoplasms
  4 giant cockroaches
  13 goblins
  11 hobgoblins
  9 jackals
  6 kobolds
  4 quokkas
  7 ball pythons
  3 bats
  5 frilled lizards
  10 rats
177 creatures vanquished.

Notes
Turn   | Place    | Note
-------+----------+-------------------------------------------
     0 | D:1      | olmar the Ghoul Monk began the quest for the Orb.
     0 | D:1      | Reached XP level 1. HP: 19/19 MP: 0/0
   269 | D:1      | Reached XP level 2. HP: 26/26 MP: 1/1
   812 | D:2      | Reached XP level 3. HP: 30/31 MP: 2/2
   864 | D:2      | Reached skill level 4 in Unarmed Combat
  1033 | D:2      | Found a faded altar of an unknown god.
  1274 | D:2      | Reached XP level 4. HP: 40/40 MP: 3/3
  1381 | D:2      | Found a runed translucent door.
  1382 | D:2      | Noticed Crazy Yiuf
  2295 | D:3      | Found a stormy altar of Qazlal.
  2535 | D:4      | Found a glowing drain.
  2546 | D:4      | Reached skill level 5 in Unarmed Combat
  2546 | D:4      | Reached XP level 5. HP: 31/46 MP: 4/4
  2557 | Sewer    | Entered a sewer
  2834 | D:4      | Reached skill level 1 in Stealth
  2933 | D:4      | Noticed Robin
  2956 | D:4      | Killed Robin
  2962 | D:4      | Reached XP level 6. HP: 25/52 MP: 5/5
  3172 | D:4      | Reached skill level 6 in Unarmed Combat
  3221 | D:4      | Noticed Edmund
  3224 | D:4      | Edmund changed into Edmund the hound
  3224 | D:4      | Noticed Edmund
  3229 | D:4      | Killed Edmund the hound
  3336 | D:4      | Found a snail-covered altar of Cheibriados.
  3394 | D:4      | Noticed Natasha
  3402 | D:4      | Killed Natasha
  3449 | D:4      | Reached skill level 1 in Armour
  3449 | D:4      | Reached skill level 7 in Unarmed Combat
  3449 | D:4      | Reached XP level 7. HP: 53/59 MP: 6/6
  3737 | D:4      | Noticed Natasha
  3747 | D:4      | Killed Natasha
  3846 | D:5      | Entered Level 5 of the Dungeon
  4195 | D:5      | Noticed Sigmund
  4196 | D:5      | Sigmund changed into Sigmund the howler monkey
  4196 | D:5      | Noticed Sigmund
  4201 | D:5      | Killed Sigmund the howler monkey
  4202 | D:5      | Reached skill level 8 in Unarmed Combat
  4882 | D:6      | Reached XP level 8. HP: 62/67 MP: 7/7
  4949 | D:6      | Noticed a wyvern
  4958 | D:6      | Killed a wyvern
  4959 | D:6      | Reached skill level 9 in Unarmed Combat
  5085 | D:6      | Found an ornate altar of the Wu Jian Council.
  5197 | D:6      | Got the Vademecum on Power
  5199 | D:6      | Found a staircase to the Ecumenical Temple.
  5285 | Temple   | Entered the Ecumenical Temple
  5293 | Temple   | Became a worshipper of Gozag Ym Sagoz the Greedy
  5406 | D:7      | Noticed a wyvern
  5415 | D:7      | Killed a wyvern
  5416 | D:7      | Reached skill level 10 in Unarmed Combat
  5666 | D:7      | Reached XP level 9. HP: 11/72 MP: 8/8
  5666 | D:7      | HP: 3/72 [bullfrog (7)]
  6044 | D:7      | Reached skill level 11 in Unarmed Combat
  6530 | D:8      | Reached skill level 5 in Armour
  6655 | D:8      | Paralysed by a centaur for 2 turns
  6701 | D:8      | Noticed a death yak
  6704 | D:8      | Noticed a death yak
  6705 | D:8      | Noticed a death yak
  7425 | D:2      | Killed Crazy Yiuf
  7758 | D:8      | Noticed a two-headed ogre
  7775 | D:8      | Killed a two-headed ogre
  7776 | D:8      | Reached skill level 5 in Fighting
  7776 | D:8      | Reached skill level 12 in Unarmed Combat
  7776 | D:8      | Reached XP level 10. HP: 28/81 MP: 9/9
  8008 | D:8      | Killed a death yak
  8194 | D:8      | Killed a death yak
  8195 | D:8      | Reached skill level 13 in Unarmed Combat
  8392 | D:8      | Found a staircase to the Lair.
  9119 | D:8      | Slain by a death yak

Illustrated notes

Levels and vault maps discovered:
D:1:      minmay_arrival_loop, layout_basic
D:2:      layout_basic, shapermc_ecumenical_altar_mp_vishouse,
          uniq_crazy_yiuf_cottage
D:3:      layout_loops_ring, nicolae_overflow_hidden_temple,
          chequers_serial_rivers_small_b, serial_park_tiny_1
D:4:      layout_basic, chei_slow_surprise, cheibrodos_sewer_entry_sluice,
          hex_medium, uniq_edmund, uniq_natasha, uniq_robin
D:5:      layout_layer_cave, zin_statuary, uniq_sigmund
D:6:      layout_cave_pools, marbit_many_paths, minmay_temple_entry_poolview
D:7:      layout_cave_pods, corexii_checkpoint_a
D:8:      layout_loops_cross, dpeg_lair_monsters, minmay_misc_feat_more_columns
D:9:      layout_basic, serial_shops, shop
Temple:   eino_narrow_crystal_temple

Skill      XL: |  1  2  3  4  5  6  7  8  9 10 |
---------------+-------------------------------+-----
Dodging        | 3 |  3.7
Unarmed Combat | 4 5 7 8 10 12 13 | 13.1
Stealth        | 1 |  1.0
Fighting       | 4 5 |  5.4
Armour         | 1 2 4 6 7 |  7.2
Evocations     | |  0.3

Action                     |  1- 3 |  4- 6 |  7- 9 | 10-12 || total
---------------------------+-------+-------+-------+-------++-------
  Melee: Unarmed           |   107 |   191 |   227 |    47 ||   572
         Punch             |       |       |       |     7 ||     7
  Throw: Dart              |       |     3 |    14 |    15 ||    32
         Boomerang         |       |       |       |     4 ||     4
         Throwing net      |       |       |       |     1 ||     1
 Invoke: Potion Petition   |       |       |       |     1 ||     1
  Evoke: Wand              |       |     2 |    11 |     9 ||    22
    Use: Scroll            |       |     4 |    10 |     2 ||    16
         Potion            |       |     3 |     8 |     3 ||    14
   Stab: Paralysed         |       |       |     5 |       ||     5
         Distracted        |       |       |     1 |       ||     1
         Invisible         |       |       |       |     3 ||     3
 Armour: Robe              |    17 |    24 |       |       ||    41
         Chain mail        |       |    10 |    88 |    15 ||   113
         Scale mail        |       |     4 |       |       ||     4
  Dodge: Dodged            |    53 |   108 |   115 |    27 ||   303
